 Dungeon Crawl Stone Soup version 0.29.1-15-g9cfb28693d (webtiles) character file.

Game seed: 15506581277792476449

43 hawla the Chiller (level 3, 0/14 HPs)
             Began as a Felid Ice Elementalist on Apr 6, 2023.
             Succumbed to an adder's poison
             ... on level 2 of the Dungeon on Apr 9, 2023.
             The game lasted 00:04:59 (2660 turns).

hawla the Chiller (Felid Ice Elementalist)          Turns: 2660, Time: 00:04:59

Health: 0/14       AC:  1    Str:  3 (4)  XL:     3   Next: 37%
Magic:  3/7        EV: 17    Int: 17 (18) God:
Gold:   60         SH:  0    Dex: 14 (16) Spells: 2/6 levels left
                                        Lives:  0   Deaths: 0

rFire   . . .      SeeInvis +   (weapon unavailable)
rCold   . . .      Faith    .   (shield unavailable)
rNeg    . . .      Spirit   .   (body armour unavailable)
rPois   .          Reflect  .   (helmet unavailable)
rElec   .          Harm     .   (cloak unavailable)
rCorr   .          Rampage  .   (gloves unavailable)
Will    .....                   (boots unavailable)
Stlth   ++........              (no amulet)
HPRegen 0.04/turn               (no ring)
MPRegen 0.10/turn               (no ring)

@: lethally poisoned (0 -> -3), very slightly contaminated, quick
A: very small, claws 1, fangs 3, see invisible, speed 1, shaggy fur 1, stealthy
paws, no weapons or thrown items, no armour, multi-lived
a: no special abilities


You were on level 2 of the Dungeon.
You visited 1 branch of the dungeon, and saw 2 of its levels.

You collected 60 gold pieces.

Inventory:

Scrolls
 a - a scroll of enchant armour {unknown}
 b - 2 scrolls of fear {unknown}
 c - a scroll of amnesia {unknown}
 d - 3 scrolls of identify {unknown}
Potions
 e - a potion of flight {unknown}


   Skills:
 + Level 3.0 Dodging
 + Level 3.3 Stealth
 + Level 0.6 Unarmed Combat
 + Level 2.4 Spellcasting
 + Level 4.1 Ice Magic


You had 2 spell levels left.
You knew the following spells:

 Your Spells              Type           Power      Damage    Failure   Level
a - Freeze                Ice            64%        1d8       3%          1
b - Frozen Ramparts       Ice            32%        1d5       11%         3

Your spell library contained the following spells:

 Spells                   Type           Power      Damage    Failure   Level
 Ozocubu's Armour         Ice            16%        N/A       11%         3
 Hailstorm                Conj/Ice       9%         3d4       63%         4


Dungeon Overview and Level Annotations

Branches:
Dungeon (2/15)

Altars:


Innate Abilities, Weirdness & Mutations

You have sharp claws.
You have razor-sharp teeth.
You have supernaturally acute eyesight. (SInv)
You cover ground quickly. (Speed+)
You are covered in fur. (AC +1)
Your paws help you pounce on unaware monsters.
You are incapable of wielding weapons or throwing items.
You cannot wear armour.
You gain extra lives every three experience levels.


Message History

The adder bites you.
The endoplasm quivers.
Casting: Freeze (safe; 3% risk of failure)
Confirm with . or Enter, or press ? or * to list all spells.
Aiming: Freeze (safe; 3% risk of failure)
Press: ? - help, Shift-Dir - straight line, f - bat
Aim: a bat You freeze the bat!
You kill the bat!
The adder barely misses you. The adder bites you.
You are poisoned.
The adder poisons you! The endoplasm barely misses you.
Casting: Freeze (safe; 3% risk of failure)
Confirm with . or Enter, or press ? or * to list all spells.
Aiming: Freeze (safe; 3% risk of failure)
Press: ? - help, Shift-Dir - straight line, f - adder
Aim: an adder (severely wounded)
You freeze the adder.
The adder is almost dead.
The adder seems to slow down.
You feel sick. The adder completely misses you.
The endoplasm completely misses you.
Casting: Freeze (safe; 3% risk of failure)
Confirm with . or Enter, or press ? or * to list all spells.
Aiming: Freeze (safe; 3% risk of failure)
Press: ? - help, Shift-Dir - straight line, f/p - adder
Aim: an adder (almost dead, slow)
You miscast Freeze.
You are very lightly contaminated with residual magic.
Nothing appears to happen.
You feel sick. The endoplasm freezes you.
You are frozen.
The adder bites you.
* * * LOW HITPOINT WARNING * * *
Casting: Freeze (safe; 3% risk of failure)
Confirm with . or Enter, or press ? or * to list all spells.
Aiming: Freeze (safe; 3% risk of failure)
Press: ? - help, Shift-Dir - straight line, f/p - adder
Aim: an adder (almost dead, slow)
You freeze the adder.
You kill the adder!
You die...

.............# ##.#.#########
.#.#.# .#.#.# .#†#.# ####
.#.#.# #..
.#.#.########.#####
..........<#..#†.J#
##.#.#######..##@## ##.#.#
#.....#$?$#
...#.####.##..##.##.#
####.##...###.......#
#†##.### ######### #.##.####
#.......#
###..##.#####################
#>........................##


You could see an endoplasm.

Vanquished Creatures
  An adder (D:2)
  2 dart slugs (D:2)
  3 bats
  2 endoplasms (D:1)
  3 giant cockroaches
  6 goblins
  5 hobgoblins
  2 quokkas
  4 ball pythons
  3 frilled lizards
  3 kobolds
  3 rats (D:1)
37 creatures vanquished.

Notes
Turn   | Place    | Note
-------+----------+-------------------------------------------
     0 | D:1      | hawla the Felid Ice Elementalist began the quest for the
                  | Orb.
     0 | D:1      | Reached XP level 1. HP: 7/7 MP: 4/4
   205 | D:1      | Reached XP level 2. HP: 4/11 MP: 1/6
   580 | D:1      | Reached skill level 4 in Ice Magic
  1817 | D:2      | Reached XP level 3. HP: 13/14 MP: 7/7
  1821 | D:2      | Learned a level 3 spell: Frozen Ramparts
  2660 | D:2      | Succumbed to an adder's poison

Illustrated notes

Levels and vault maps discovered:
D:1:      scummos_arrival_gate, layout_rooms
D:2:      layout_basic, minmay_split_cup_small

Skill      XL: |  1  2  3 |
---------------+----------+-----
Stealth        | 3 |  3.3
Ice Magic      | 4 |  4.1
Dodging        | 3 |  3.0
Unarmed Combat | |  0.6
Spellcasting   | |  2.4

Action                   || total
-------------------------++-------
Melee: Unarmed           ||    80
       Bite              ||    12
       Punch             ||     1
 Cast: Freeze            ||    31
  Use: Potion            ||     3
 Stab: Sleeping          ||     5
Armor: Skin              ||     8
Dodge: Dodged            ||    70
